[Event "*** Titled Tuesday Blitz"]
[Site "Chess.com"]
[Date "2021.03.09"]
[Round "2"]
[White "PawnEatingZombie"]
[Black "HackingKid98"]
[Result "0-1"]
[WhiteElo "2227"]
[BlackElo "2456"]
[TimeControl "180+1"]
[EndTime "10:18:51 PST"]
[Termination "HackingKid98 won on time"]

1. d4 d5 2. c4 e6 3. Nc3 c6 4. e3 Nf6 5. Nf3 Nbd7 6. Qc2 Bd6 7. Bd3 O-O 8. O-O dxc4 9. Bxc4 b5 10. Be2 Bb7 11. e4 e5 12. dxe5 Nxe5 13. Nh4 Re8 14. Nf5 Bf8 15. Bg5 h6 16. Bh4 Ng6 17. Rad1 Qa5 18. Bxf6 gxf6 19. a3 b4 20. axb4 Qxb4 21. Rd4 Qc5 22. Rfd1 Bc8 23. Nd6 Bxd6 24. Rxd6 Be6 25.
Qd2 Kg7 26. Bf1 a5 27. h3 a4 28. Kh1 a3 29. bxa3 Rxa3 30. Rc1 Qe5 31. Rxc6 Rb8 32.
g3 Rbb3 33. f4 Qa5 34. h4 Qh5 35. Kh2 Nxh4 36. gxh4 Qxh4+ 37. Kg1 Bg4 0-1

[Event "*** Titled Tuesday Blitz"]
[Site "Chess.com"]
[Date "2021.03.09"]
[Round "2"]
[White "AniJak"]
[Black "manitodeplomo"]
[Result "1-0"]
[WhiteElo "2328"]
[BlackElo "2583"]
[TimeControl "180+1"]
[EndTime "10:18:52 PST"]
[Termination "AniJak won by resignation"]

1. e4 e6 2. d4 d5 3. Nd2 Nc6 4. Ngf3 Nf6 5. e5 Nd7 6. Bb5 a6 7. Bxc6 bxc6 8. Nb3 c5 9. Bg5 Be7 10. Na5 Nxe5 11. Nxe5 Bxg5 12. dxc5 O-O 13. O-O f6 14. Nec6 Qe8 15. f4 Bh6 16. Qe2 Bd7 17. Nd4 e5 18.
fxe5 Qxe5 19. Qxe5 fxe5 20. Ndb3 Be3+ 21. Kh1 Rxf1+ 22.
Rxf1 Bb5 23. Re1 Rf8 24. g3 d4 25. c3 Rf2 26. cxd4 exd4 27. h4 Bd3 28. Nxd4 Bxd4 29.
Re8+ Kf7 30. Rd8 Rf4 31. gxf4 Be4+ 32. Kh2 Bxb2 33. Rd7+ Kg6 34. Rxc7 Bf6 35. Kg3 Kf5 36. Nc4 Bd3 37. Nd6+ Ke6 38. Ne8 Bd4 39. Nxg7+ Kd5 40. Rd7+ Kxc5 41. Ne6+ 1-0

[Event "*** Titled Tuesday Blitz"]
[Site "Chess.com"]
[Date "2021.03.09"]
[Round "2"]
[White "Ajedrez_con_German"]
[Black "NoGalloNoParty"]
[Result "1-0"]
[WhiteElo "2549"]
[BlackElo "2300"]
[TimeControl "180+1"]
[EndTime "10:18:52 PST"]
[Termination "Ajedrez_con_German won by resignation"]

1. b3 Nf6 2. Bb2 d5 3. e3 c5 4. Nf3 Nc6 5. Bb5 Bd7 6. Bxc6 Bxc6 7. Ne5 Rc8 8. O-O g6 9. d3 Bg7 10. Nd2 O-O 11. Nxc6 Rxc6 12. Nf3 Rc8 13. Ne5 Ne8 14. f4 e6 15. Qe2 Nd6 16. Rae1 b5 17. c4 bxc4 18.
dxc4 dxc4 19. Nxc4 Bxb2 20. Nxd6 Qxd6 21. Qxb2 c4 22. Rd1 Qb6 23. Rd4 cxb3 24. axb3 Rb8 25.
Rd3 Rfc8 26. Rfd1 a5 27. Qf6 Rf8 28. h4 h5 29. Kh2 Qb5 30. e4 Qb4 31. Re3 Rbc8 32. f5 exf5 33. exf5 Qf4+ 34. Rg3 Rce8 35. Rd4 Qf2 36. Rf3 Qc2 37. Rd7 Re2 38. Rg3 Re1 39. Rxg6+ 1-0

[Event "*** Titled Tuesday Blitz"]
[Site "Chess.com"]
[Date "2021.03.09"]
[Round "2"]
[White "Anna_Ko_Rnd"]
[Black "VinzentSpitzl"]
[Result "1/2-1/2"]
[WhiteElo "1835"]
[BlackElo "2361"]
[TimeControl "180+1"]
[EndTime "10:18:52 PST"]
[Termination "Game drawn by repetition"]

1. e4 c5 2. Nf3 d6 3. d4 cxd4 4.
Qxd4 Nc6 5. Bb5 Bd7 6. Bxc6 Bxc6 7. c4 f5 8. Nc3 e5 9. Qd3 fxe4 10. Nxe4 Nf6 11.
Nxf6+ gxf6 12. Nh4 d5 13. cxd5 Qxd5 14. Qxd5 Bxd5 15.
Be3 Bb4+ 16. Bd2 Bxd2+ 17. Kxd2 Rd8 18. Ke3 Rg8 19. f3 Kf7 20. Rhd1 Ke6 21. g4 h5 22. h3 hxg4 23. hxg4 Rh8 24. Rh1 Rc8 25. a3 Rc2 26.
b4 Rc3+ 27. Kf2 Rhc8 28. Rhe1 Rh8 29. Rh1 Rc2+ 30. Kg3 Rc3 31. Kf2 1/2-1/2

[Event "*** Titled Tuesday Blitz"]
[Site "Chess.com"]
[Date "2021.03.09"]
[Round "2"]
[White "VladimirBugayev"]
[Black "lider34"]
[Result "0-1"]
[WhiteElo "2280"]
[BlackElo "2489"]
[TimeControl "180+1"]
[EndTime "10:18:53 PST"]
[Termination "lider34 won by resignation"]

1. e4 c6 2. d4 d5 3. exd5 cxd5 4. Bd3 Nc6 5. c3 Nf6 6. Bf4 Bg4 7. Qb3 Qd7 8. Nd2 e6 9. Ngf3 Bd6 10. Bxd6 Qxd6 11. O-O O-O 12. Rae1 Na5 13. Qc2 Rac8 14. Ne5 Bh5 15.
f4 Bg6 16. Bxg6 hxg6 17. Qd3 a6 18. Qh3 Nc4 19. Ndf3 Nxb2 20. Ng5 Rc7 21. Ng4 Rfc8 22. Nxf6+ gxf6 23. Qh7+ Kf8 24. Rxe6 fxe6 25. Qh8+ Ke7 26. Qg7+ Ke8 27. Qxg6+ Kd7 28. Qxf6 Nd3 29. f5 Rxc3 30. fxe6+ Kc7 31. Nf7 Qb4 32. e7 Re8 33. Ng5 Qxe7 34. Qg6 Kb8 35. h3 Rc1 36. Qxd3 Rxf1+ 37. Qxf1 Qe3+ 38. Kh2 Qxg5 39. Qf7 Qe3 40. Qg7 Re4 0-1

[Event "*** Titled Tuesday Blitz"]
[Site "Chess.com"]
[Date "2021.03.09"]
[Round "2"]
[White "ErikBlomqvist"]
[Black "GOGIEFF"]
[Result "1-0"]
[WhiteElo "2567"]
[BlackElo "2870"]
[TimeControl "180+1"]
[EndTime "10:18:54 PST"]
[Termination "ErikBlomqvist won by resignation"]

1. e4 c5 2. Nf3 Nc6 3. Bb5 e6 4.
O-O Nge7 5. Re1 Ng6 6. c3 Be7 7. d4 O-O 8. d5 a6 9. Bf1 exd5 10. exd5 Na7 11. d6 Bf6 12. a4 b6 13. Nbd2 Bb7 14. Ne4 Re8 15. Bd3 Nc6 16. Bc4 Nce5 17. Nxe5 Rxe5 18. Qc2 b5 19. axb5 axb5 20. Rxa8 Qxa8 21. Nxf6+ gxf6 22. Rxe5 Nxe5 23. Bf1 c4 24. Qf5 Kg7 25. Be3 Qa1 26. Bd4 Bc6 27. f4 Ng4 28. Qxg4+ Kf8 29. Bxf6 1-0

[Event "*** Titled Tuesday Blitz"]
[Site "Chess.com"]
[Date "2021.03.09"]
[Round "2"]
[White "BahadirOzen"]
[Black "KonstantinB_1983"]
[Result "1-0"]
[WhiteElo "2766"]
[BlackElo "2514"]
[TimeControl "180+1"]
[EndTime "10:18:54 PST"]
[Termination "BahadirOzen won by resignation"]

1. g3 d5 2. Bg2 c6 3. Nf3 Nf6 4. O-O Bf5 5. d3 h6 6. b3 e6 7. Bb2 Be7 8. c4 Nbd7 9. Nbd2 O-O 10. a3 Re8 11. b4 Bf8 12. Qc2 e5 13. e4 dxe4 14.
dxe4 Bg4 15. c5 Qc7 16. h3 Be6 17. Nc4 Bxc4 18. Qxc4 g6 19. Nh4 Kg7 20. Rfd1 Rad8 21. Nf3 Kg8 22. Rd2 Bg7 23. Rad1 Nh7 24. Rd6 Ndf8 25.
Bxe5 Bxe5 26. Nxe5 Ne6 27. f4 Rxd6 28. cxd6 Qb6+ 29.
Kh2 Nhf8 30. Ng4 Nd7 31. Nxh6+ Kg7 32. Ng4 a5 33. Qc3+ f6 34. e5 f5 35. Ne3 axb4 36.
axb4 Ra8 37. Nc4 Qf2 38. Na5 Rh8 39. Qd2 Qb6 40. Nb3 Ra8 41. Nd4 Nxd4 42. Qxd4 Qxd4 43. Rxd4 Nf8 44. Bf1 Ne6 45. Rd2 b5 46. Bg2 Ra6 47.
d7 Nd8 48. Rd6 Kf7 49. g4 fxg4 50. hxg4 Ra2 51. Kg3 Ra3+ 52. Bf3 Ke7 53. Rxg6 Ne6 54. Rxe6+ Kxe6 55. d8=Q 1-0

[Event "*** Titled Tuesday Blitz"]
[Site "Chess.com"]
[Date "2021.03.09"]
[Round "2"]
[White "Lestofante90"]
[Black "Grimlock_Glasgow"]
[Result "1-0"]
[WhiteElo "2750"]
[BlackElo "2509"]
[TimeControl "180+1"]
[EndTime "10:18:54 PST"]
[Termination "Lestofante90 won by resignation"]

1. Nf3 d5 2. g3 Bg4 3. Bg2 Nd7 4. d4 e6 5. O-O c6 6. Nbd2 Bd6 7. e4 Ne7 8. c3 O-O 9. Re1 b5 10. h3 Bh5 11. a4 Nb6 12. axb5 cxb5 13. exd5 Nexd5 14. Ne4 a5 15. Nxd6 Qxd6 16. Qb3 b4 17. Ne5 a4 18.
Qc2 Rfc8 19. c4 Qc7 20. c5 f6 21. Ng4 Qc6 22. Qe2 Bxg4 23. hxg4 Re8 24. cxb6 Qxb6 25.
Be3 a3 26. bxa3 bxa3 27. Reb1 Qa5 28. Rb3 a2 29. Rb2 Qc3 30. Raxa2 Nxe3 31. Qxe3 1-0

[Event "*** Titled Tuesday Blitz"]
[Site "Chess.com"]
[Date "2021.03.09"]
[Round "2"]
[White "Chigorinetz"]
[Black "VitaliyBernadskiy"]
[Result "0-1"]
[WhiteElo "2506"]
[BlackElo "2740"]
[TimeControl "180+1"]
[EndTime "10:18:54 PST"]
[Termination "VitaliyBernadskiy won on time"]

1. e4 c5 2. Nc3 a6 3. g4 e6 4. Bg2 Ne7 5. Nge2 Ng6 6. d3 Nh4 7. Kf1 d5 8. Ng3 b5 9. a4 b4 10.
Nce2 Bb7 11. Be3 Nd7 12. a5 Be7 13. Rg1 Nf6 14. f3 Nxg2 15. Kxg2 Qc7 16. Qe1 O-O-O 17.
Qf2 Bd6 18. h4 Nd7 19. Kh3 g6 20. Bh6 Rhg8 21. Qe3 Rde8 22. c3 b3 23. d4 f5 24.
e5 Be7 25. gxf5 exf5 26. Nf4 Bd8 27. Rad1 c4 28. Ra1 Bc6 29. Kg2 Bxh4 30. Rh1 g5 31. Nfh5 f4 32. Qd2 fxg3 33. Ng7 Nxe5 34. dxe5 Rxg7 0-1

[Event "*** Titled Tuesday Blitz"]
[Site "Chess.com"]
[Date "2021.03.09"]
[Round "2"]
[White "The_filthy"]
[Black "Chessmasterzt"]
[Result "0-1"]
[WhiteElo "2330"]
[BlackElo "2625"]
[TimeControl "180+1"]
[EndTime "10:18:54 PST"]
[Termination "Chessmasterzt won by resignation"]

1. e4 c5 2. Nf3 Nc6 3. d4 cxd4 4.
Nxd4 g6 5. c4 Bg7 6. Nc2 d6 7.
Nc3 Bxc3+ 8. bxc3 Qa5 9. Bd2 Nf6 10. Bd3 Ne5 11. Qe2 Bg4 12. f3 Be6 13. O-O Rc8 14. Ne3 Qc5 15. Rab1 b6 16. Rb5 Qa3 17. Nd5 Nfd7 18.
Kh1 Qxa2 19. Nb4 Qa4 20. Nd5 Nxd3 21. Qxd3 Ne5 22. Qb1 Qxc4 23. Bh6 Bxd5 24. exd5 Qd3 25. f4 Qxb1 26. Rfxb1 Nc4 27. Ra1 a5 28. h4 f6 29.
Ra4 Kf7 30. Rxc4 Rxc4 31. Rxb6 Rxc3 32. Rb7 Rhc8 33. f5 0-1

[Event "*** Titled Tuesday Blitz"]
[Site "Chess.com"]
[Date "2021.03.09"]
[Round "2"]
[White "Vsevolod_Ovchinnikov"]
[Black "Andrii_Prydun"]
[Result "1-0"]
[WhiteElo "2487"]
[BlackElo "2280"]
[TimeControl "180+1"]
[EndTime "10:18:55 PST"]
[Termination "Vsevolod_Ovchinnikov won by resignation"]

1. d4 d5 2. c4 c6 3. g3 Nf6 4. Bg2 e6 5. Nf3 Nbd7 6. O-O Be7 7. Qc2 O-O 8. Nbd2 b6 9. e4 Bb7 10. e5 Ne8 11. cxd5 cxd5 12. Re1 Rc8 13. Qd3 Qc7 14.
Bf1 Qc2 15. Qe3 Nc7 16. Bd3 Qc6 17. h4 Ba6 18. Bb1 f5 19. exf6 Bxf6 20. Ng5 h6 21. Nh7 Rfe8 22. Nxf6+ Nxf6 23. Nf3 Nb5 24. Ne5 Qc7 25.
Bd2 Nd6 26. Bg6 Nfe4 27. Bxe8 Rxe8 28. Rac1 Qe7 29. Bb4 Qf6 30. Bxd6 Nxd6 31. Rc7 Qf5 32. Rxa7 Ne4 33. Rxa6 Rf8 34. Rf1 g5 35. g4 Qf6 36.
hxg5 hxg5 37. Nd7 Qf4 38. Qxf4 Rxf4 39. f3 Nd2 40. Rf2 Nc4 41. Nxb6 Ne3 42. Na4 Rxd4 43. Nc3 Rd1+ 1-0

[Event "*** Titled Tuesday Blitz"]
[Site "Chess.com"]
[Date "2021.03.09"]
[Round "2"]
[White "Alexandr_Kholin"]
[Black "Anaiy"]
[Result "1-0"]
[WhiteElo "2454"]
[BlackElo "2218"]
[TimeControl "180+1"]
[EndTime "10:18:55 PST"]
[Termination "Alexandr_Kholin won on time"]

1. d4 d5 2. Nf3 Nf6 3. Bf4 e6 4.
e3 c5 5. c3 Nc6 6. Nbd2 Bd6 7.
Ne5 O-O 8. Bd3 Qc7 9. Ndf3 b6 10.
O-O Bb7 11. Qb1 Ne7 12. Bg5 Ne4 13. Bxe7 Qxe7 14. Bxe4 dxe4 15. Nd2 Bxe5 16. dxe5 Qh4 17. Rd1 Qg4 18. Nc4 Bd5 19. Nd6 Qg5 20. Nxe4 Qxe5 21. Ng3 Rfd8 22. Qc2 Bc6 23. e4 h5 24. f3 h4 25. Nf1 Qf4 26. h3 Bb5 27. Qf2 Bxf1 28. Qxf1 Qe3+ 29. Qf2 Qf4 30. a4 a5 31. Qe2 g5 32. Qb5 Qe3+ 33. Kf1 Rd2 34. Rxd2 Qxd2 35. Qxb6 Qd3+ 36. Kg1 Qe3+ 37. Kh1 Rc8 38. Qxa5 Qe2 39. Qb6 c4 40. a5 1-0

[Event "*** Titled Tuesday Blitz"]
[Site "Chess.com"]
[Date "2021.03.09"]
[Round "2"]
[White "JiiHart"]
[Black "CrushingKings"]
[Result "0-1"]
[WhiteElo "2060"]
[BlackElo "2390"]
[TimeControl "180+1"]
[EndTime "10:18:56 PST"]
[Termination "CrushingKings won on time"]

1. e4 g6 2. d4 Bg7 3. Nc3 c6 4. Nf3 d5 5. h3 Nh6 6. g4 f6 7.
Be3 Nf7 8. Qd2 b5 9. a3 a6 10. O-O-O Be6 11. exd5 Bxd5 12. Nxd5 Qxd5 13. Bg2 Qa2 14.
Qc3 Nd6 15. Nd2 O-O 16. b4 f5 17.
gxf5 Nxf5 18. Qb3+ Qxb3 19. Nxb3 Nxe3 20. fxe3 Bh6 21.
Rde1 Rf2 22. Bf1 Nd7 23. Bd3 Raf8 24. Nd2 e5 25. Ne4 R2f3 26. dxe5 Bxe3+ 27. Kb1 Nxe5 28. Ng5 Rg3 29. Ne6 Rf2 30. h4 Nxd3 31. cxd3 Bd2 32. Rd1 Bc3 0-1

[Event "*** Titled Tuesday Blitz"]
[Site "Chess.com"]
[Date "2021.03.09"]
[Round "2"]
[White "hermionegrangermagic"]
[Black "AlexeiShirov"]
[Result "0-1"]
[WhiteElo "2537"]
[BlackElo "2843"]
[TimeControl "180+1"]
[EndTime "10:18:57 PST"]
[Termination "AlexeiShirov won by resignation"]

1. e4 e5 2. Nf3 Nc6 3. d4 exd4 4. Bc4 Bc5 5. c3 Nf6 6. e5 d5 7. Bb5 Ne4 8. cxd4 Bb6 9. Nc3 Bg4 10. O-O O-O 11. Bxc6 bxc6 12. Be3 f5 13. Re1 f4 14.
Bc1 Ng5 15. e6 Nxe6 16. Qd3 Bf5 17. Qd1 Qf6 18. Ne2 Be4 19. Ne5 Bxg2 20. Kxg2 f3+ 21. Kh1 fxe2 22. Qxe2 Nxd4 23. Qg4 Rae8 24. Bg5 Qf5 25.
Qg3 Qxf2 26. Qxf2 Rxf2 27. Ng4 Rxe1+ 28. Rxe1 Rxb2 29. Re8+ Kf7 30. Re7+ Kg6 31. Be3 Nf3 32. h4 h5 33. Ne5+ Nxe5 34. Rxe5 Bxe3 35. Rxe3 Kf5 36.
Re7 d4 37. Rxc7 d3 38. Rxc6 d2 39. Rc5+ Ke4 40. Rc4+ Kd5 0-1

[Event "*** Titled Tuesday Blitz"]
[Site "Chess.com"]
[Date "2021.03.09"]
[Round "2"]
[White "NikolaN98"]
[Black "Vanina1989"]
[Result "0-1"]
[WhiteElo "2513"]
[BlackElo "2755"]
[TimeControl "180+1"]
[EndTime "10:18:57 PST"]
[Termination "Vanina1989 won on time"]

1. e4 c6 2. d4 d5 3. exd5 cxd5 4.
Bd3 Nc6 5. c3 g6 6. Nf3 Bg7 7.
Nbd2 Nh6 8. h4 Bf5 9. Be2 Qc7 10. h5 O-O-O 11. Nb3 gxh5 12. Rxh5 Bg6 13. Rxh6 Bxh6 14. Bxh6 Rhe8 15. Qd2 e5 16. Nxe5 Nxe5 17. dxe5 Qxe5 18. Be3 a6 19. Nd4 h5 20. O-O-O Qe4 21. Bd3 Qxg2 22. Bf5+ Bxf5 23. Nxf5 Qg4 24. Nd4 h4 25. f3 Qg6 26.
Bf4 h3 27. Bh2 Qf6 28. Qf2 Rg8 29. Nb3 Rg2 30. Qc5+ Qc6 31. Rh1 Qxc5 32. Nxc5 Re8 33. Nd3 Ree2 34. Bf4 h2 35. Bxh2 Rxh2 36. Rg1 Rc2+ 37.
Kb1 Rcd2 38. Nf4 Rxb2+ 0-1

[Event "*** Titled Tuesday Blitz"]
[Site "Chess.com"]
[Date "2021.03.09"]
[Round "2"]
[White "Szparu"]
[Black "CarrotsandPizza"]
[Result "1-0"]
[WhiteElo "2648"]
[BlackElo "2384"]
[TimeControl "180+1"]
[EndTime "10:18:57 PST"]
[Termination "Szparu won on time"]

1. d4 Nf6 2. Bg5 g6 3. Bxf6 exf6 4. e3 h5 5. c4 d6 6. Nc3 Nd7 7. Bd3 Bh6 8. Qc2 f5 9. O-O-O O-O 10. Kb1 Re8 11.
h3 Nf6 12. Nge2 a6 13. Nf4 c6 14. Rde1 b5 15. f3 Rb8 16. g4 bxc4 17. Bxc4 Bxf4 18. exf4 Qb6 19. Rd1 Be6 20. Bxe6 fxe6 21. Rhg1 Kf7 22. Rg2 Nd5 23. Nxd5 cxd5 24. Qf2 Rh8 25. Rdg1 Rh7 26. Qe3 hxg4 27. hxg4 a5 28. gxf5 gxf5 29. Qf2 a4 30.
Qg3 Ke7 31. Qg6 Rf7 32. Re1 Rf6 33. Qg7+ Rf7 34. Rxe6+ Kxe6 35. Re2+ Kd7 36. Qxf7+ Kc6 37. Rc2+ Kb5 38. Qxd5+ 1-0

[Event "*** Titled Tuesday Blitz"]
[Site "Chess.com"]
[Date "2021.03.09"]
[Round "2"]
[White "grandcoach"]
[Black "beautroll"]
[Result "0-1"]
[WhiteElo "2229"]
[BlackElo "2458"]
[TimeControl "180+1"]
[EndTime "10:18:57 PST"]
[Termination "beautroll won on time"]

1. e4 c5 2. b4 e6 3. bxc5 Bxc5 4. d4 Be7 5. Bd3 Nc6 6. c3 d6 7. f4 Nf6 8. Nd2 Qa5 9. Ne2 Ng4 10. Nf3 d5 11. e5 f5 12. h3 Nh6 13. g4 g6 14. Rg1 Bd7 15. a4 Qc7 16. Ba3 Bxa3 17. Rxa3 Na5 18. gxf5 Nxf5 19. Ng3 O-O-O 20. Nxf5 exf5 21.
Qe2 Rde8 22. Kf2 Nc4 23. Bxc4 dxc4 24. d5 Qc5+ 25. Qe3 Qxa3 26. Qxa7 Qxa4 27. Qc5+ Kb8 28. Nd4 Rc8 29. Qd6+ Rc7 30. Rb1 Qa2+ 31. Ke3 Qxb1 32.
e6 Qe4+ 33. Kd2 Rd8 34. Nb5 Bxb5 35. Qxd8+ Rc8 36. Qd6+ Ka7 0-1

[Event "*** Titled Tuesday Blitz"]
[Site "Chess.com"]
[Date "2021.03.09"]
[Round "2"]
[White "jaskol95"]
[Black "LamaChampetre"]
[Result "1-0"]
[WhiteElo "2446"]
[BlackElo "2207"]
[TimeControl "180+1"]
[EndTime "10:18:57 PST"]
[Termination "jaskol95 won on time"]

1. d4 Nf6 2. Bf4 g6 3. Nc3 d5 4. e3 Bg7 5. h4 h5 6. Nf3 Bg4 7. Be2 c5 8. Nb5 Na6 9. c3 O-O 10. a4 Ne4 11. Ne5 Bxe2 12. Qxe2 Qe8 13. g4 f6 14. Nd3 e5 15. dxe5 fxe5 16. gxh5 gxh5 17.
Rg1 exf4 18. Nxf4 Rxf4 19. exf4 Nf6 20. Rg5 Qc6 21. O-O-O d4 22. Rdg1 Ne8 23. Rg6 Qd5 24. c4 Qf7 25. Qxh5 Nb4 26. f5 Nd3+ 27. Kb1 Nf4 28.
Rxg7+ Nxg7 29. Qg5 Re8 30. f6 1-0

[Event "*** Titled Tuesday Blitz"]
[Site "Chess.com"]
[Date "2021.03.09"]
[Round "2"]
[White "Rud_Makarian"]
[Black "ChessAurochs"]
[Result "0-1"]
[WhiteElo "2813"]
[BlackElo "2563"]
[TimeControl "180+1"]
[EndTime "10:18:58 PST"]
[Termination "ChessAurochs won by resignation"]

1. e4 e5 2. Nf3 Nc6 3. Bb5 a6 4.
Ba4 Nf6 5. O-O b5 6. Bb3 Bb7 7. c3 Nxe4 8. d4 exd4 9. Re1 d5 10. Ng5 f5 11. Ne6 Qd6 12. Bxd5 Kd7 13. c4 bxc4 14. Bxc4 Re8 15. Bf4 Ne5 16. Bxe5 Qxe5 17.
Nxd4 Bd6 18. Nf3 Qc5 19. Qd4 Nxf2 20. Rxe8 Rxe8 21. Kxf2 Qxd4+ 22. Nxd4 Bc5 23. Nc3 Bxd4+ 24. Kf1 c5 25. Re1 Rxe1+ 26. Kxe1 Bxg2 27. Bxa6 f4 28. Bd3 f3 29. Ne4 h5 30. b3 g5 31. Bf1 g4 32.
Ng5 h4 33. Ne4 Be5 34. Nf2 g3 35. hxg3 hxg3 36. Ng4 Bd4 37. Nh6 Bxf1 0-1

[Event "*** Titled Tuesday Blitz"]
[Site "Chess.com"]
[Date "2021.03.09"]
[Round "2"]
[White "Sanyura"]
[Black "HrvojeZagreb"]
[Result "1-0"]
[WhiteElo "2610"]
[BlackElo "2268"]
[TimeControl "180+1"]
[EndTime "10:18:58 PST"]
[Termination "Sanyura won by resignation"]

1. Nf3 f5 2. g3 Nf6 3. Bg2 d6 4. d3 e5 5. O-O Be7 6. Nbd2 O-O 7. e4 Nc6 8. exf5 Bxf5 9. Nh4 Be6 10. Nhf3 Qe8 11. Ng5 Bd7 12. Nde4 h6 13. Nxf6+ Bxf6 14. Ne4 Be7 15. f4 Qg6 16. Nc3 Bg4 17. Bf3 Bxf3 18. Qxf3 Rae8 19. Be3 Kh8 20. Rae1 Bd8 21. f5 Qf7 22. Nd5 Nb8 23. f6 g5 24. Qe4 c6 25.
Ne7 Bxe7 26. fxe7 Qxe7 27. Qg6 Qh7 28. Qxd6 Nd7 29. Bxa7 Qe7 30. Qxh6+ Kg8 31. Be3 Rxf1+ 32. Rxf1 Rf8 33. Rxf8+ Nxf8 34. Qxg5+ Qxg5 35. Bxg5 Ne6 36. Be3 Nd4 37. Bxd4 exd4 38. Kf2 1-0

[Event "*** Titled Tuesday Blitz"]
[Site "Chess.com"]
[Date "2021.03.09"]
[Round "2"]
[White "pavelalexandru07"]
[Black "NateSolon"]
[Result "0-1"]
[WhiteElo "2312"]
[BlackElo "2596"]
[TimeControl "180+1"]
[EndTime "10:18:59 PST"]
[Termination "NateSolon won by resignation"]

1. e4 c5 2. Nf3 d6 3. d4 cxd4 4. Nxd4 Nf6 5. Nc3 a6 6. Bg5 e6 7. f4 Be7 8. Qf3 Qc7 9. O-O-O Nbd7 10. Be2 b5 11. a3 Bb7 12. Rhe1 O-O 13. Kb1 Qb6 14.
g4 Rfc8 15. Bf1 b4 16. axb4 Qxb4 17. f5 Ne5 18. Qh3 Rab8 19. Bc1 Nexg4 20. Qg3 e5 21. Nb3 Nxe4 22. Nxe4 Bxe4 23. Bd3 Bxd3 24. Rxd3 Nf6 25. Bd2 Qg4 26. Qf2 Ne4 27. Qe3 Nxd2+ 28. Qxd2 Qxf5 29.
Rg1 g6 30. Nc1 e4 31. Rdg3 Bf6 32. b3 d5 33. Ne2 Qe5 34. c3 Rxb3+ 35. Kc2 Rcb8 36.
Rc1 Rb2+ 37. Kd1 Rxd2+ 38. Kxd2 Bg5+ 39. Ke1 Bxc1 40. Kf2 0-1

[Event "*** Titled Tuesday Blitz"]
[Site "Chess.com"]
[Date "2021.03.09"]
[Round "2"]
[White "Dedic8"]
[Black "Logman74"]
[Result "1-0"]
[WhiteElo "2809"]
[BlackElo "2349"]
[TimeControl "180+1"]
[EndTime "10:19:00 PST"]
[Termination "Dedic8 won on time"]

1. e4 c5 2. Nf3 d6 3. d4 cxd4 4. Nxd4 Nf6 5. Nc3 a6 6. Bg5 e6 7. f4 Qc7 8. Qf3 Be7 9. O-O-O Nc6 10. Nxc6 bxc6 11. Bd3 e5 12. f5 Bb7 13. h4 h5 14.
Bc4 Ng4 15. Kb1 Rd8 16. Rd3 O-O 17. Rhd1 Bf6 18. R1d2 Qb6 19. Bb3 Qg1+ 20. Rd1 Qc5 21. a3 a5 22. Na4 Qb5 23. Rxd6 Rxd6 24. Rxd6 c5 25. Nc3 Qe8 26. Bd5 Bxd5 27. Nxd5 Bxg5 28. hxg5 Qb8 29. Ne7+ Kh7 30. g6+ fxg6 31. Rxg6 Qb5 32.
Qd1 Rb8 33. b3 Qc4 34. Rxg4 1-0

[Event "*** Titled Tuesday Blitz"]
[Site "Chess.com"]
[Date "2021.03.09"]
[Round "2"]
[White "Iskusnyh"]
[Black "paulrusan"]
[Result "1-0"]
[WhiteElo "2613"]
[BlackElo "2322"]
[TimeControl "180+1"]
[EndTime "10:19:01 PST"]
[Termination "Iskusnyh won by resignation"]

1. d4 Nf6 2. c4 g6 3. g3 Bg7 4.
Bg2 d6 5. Nc3 O-O 6. Nf3 c6 7.
O-O Bf5 8. Re1 Ne4 9. Qb3 Nxc3 10. bxc3 Qb6 11. e4 Be6 12. Ng5 Bc8 13. f4 c5 14. e5 Nc6 15. Be3 Na5 16. Qa4 Rd8 17. Rab1 Qa6 18. Rb5 Bd7 19. Qxa5 Bxb5 20. Qxb5 cxd4 21.
cxd4 Rac8 22. Qxa6 bxa6 23. exd6 exd6 24. Bd5 Rc7 25.
Bf2 h6 26. Nf3 Rb8 27. Re2 a5 28. Kg2 a4 29. g4 a3 30. f5 gxf5 31. gxf5 Rb2 32.
Kf1 Kf8 33. Bg3 Rd7 34. Bc6 Rd8 35. Bxd6+ Kg8 36. Bxa3 Rxe2 37. Kxe2 Bxd4 38. Nxd4 Rxd4 39. Bd5 Rh4 40. Bd6 Kg7 41. Be5+ Kf8 42. c5 Ke7 43. c6 Rh5 44. c7 Kd7 45. Bb7 1-0

[Event "*** Titled Tuesday Blitz"]
[Site "Chess.com"]
[Date "2021.03.09"]
[Round "2"]
[White "LuisFSiles"]
[Black "TooOldTooSlow70"]
[Result "1-0"]
[WhiteElo "2313"]
[BlackElo "2518"]
[TimeControl "180+1"]
[EndTime "10:19:01 PST"]
[Termination "LuisFSiles won by resignation"]

1. e4 e5 2. Nf3 d6 3. d4 exd4 4. Qxd4 Nf6 5. Nc3 Be7 6. Bg5 O-O 7. O-O-O Nc6 8. Qd2 Be6 9. Bd3 a6 10. Kb1 Re8 11.
Ne2 Ne5 12. Nxe5 dxe5 13. Qe3 Ng4 14. Bxe7 Nxe3 15. Bxd8 Nxd1 16. Bh4 c5 17. c4 g5 18.
Bg3 Red8 19. Rxd1 Bxc4 20. Kc2 Bxd3+ 21. Rxd3 Rxd3 22. Kxd3 Rd8+ 23. Kc2 f6 24. f3 Kf7 25. Nc3 c4 26. Nd5 b5 27. Kc3 h5 28. a3 a5 29. Bf2 Ra8 30. a4 bxa4 31. Kxc4 Rb8 32. Bb6 Rc8+ 33. Bc7 Ke6 34. Kb5 f5 35. Kxa4 g4 36.
Kxa5 f4 37. b4 Rg8 38. b5 gxf3 39. gxf3 Rg2 40. b6 Rxh2 41. b7 Ra2+ 42. Kb5 Rb2+ 43. Nb4 1-0

[Event "*** Titled Tuesday Blitz"]
[Site "Chess.com"]
[Date "2021.03.09"]
[Round "2"]
[White "marianokar"]
[Black "140mariam"]
[Result "1-0"]
[WhiteElo "2468"]
[BlackElo "2240"]
[TimeControl "180+1"]
[EndTime "10:19:01 PST"]
[Termination "marianokar won on time"]

1. d4 d5 2. c4 e6 3. Nc3 Be7 4. cxd5 exd5 5. Bf4 Nf6 6. e3 c6 7. Bd3 O-O 8. h3 Nbd7 9. Nge2 Re8 10. Qc2 Nf8 11.
g4 Ng6 12. Bg3 Bd6 13. O-O-O Bxg3 14. Nxg3 b5 15. g5 Nd7 16. h4 b4 17. Na4 Ngf8 18.
Qxc6 Rb8 19. Kb1 b3 20. a3 Bb7 21. Qc3 Nb6 22. Nxb6 Qxb6 23. Rc1 Rec8 24. Qb4 Qxb4 25. axb4 g6 26. b5 Ne6 27. Rxc8+ Rxc8 28. Rc1 Rb8 29. Rc3 Bc8 30. Rxb3 Bd7 31. f4 Ng7 32. Kc2 1-0

[Event "*** Titled Tuesday Blitz"]
[Site "Chess.com"]
[Date "2021.03.09"]
[Round "2"]
[White "Azerichess"]
[Black "Lupul_Cenusiu"]
[Result "1-0"]
[WhiteElo "2972"]
[BlackElo "2581"]
[TimeControl "180+1"]
[EndTime "10:19:02 PST"]
[Termination "Azerichess won by resignation"]

1. d4 Nf6 2. c4 g6 3. Nc3 Bg7 4. Nf3 d6 5. Bg5 Nbd7 6. Qd2 h6 7. Bf4 Nh5 8. Be3 e5 9. O-O-O c6 10. dxe5 dxe5 11.
g4 Nhf6 12. Nxe5 O-O 13. Nxd7 Qxd7 14. Qxd7 Nxd7 15. Bd4 Ne5 16. Bxe5 Bxe5 17. h3 Bxc3 18. bxc3 Re8 19. e3 Be6 20. a3 Rad8 21. Be2 Kf8 22.
Kc2 Ke7 23. c5 Rxd1 24. Rxd1 Rd8 25. Rb1 Rd7 26. c4 g5 27. Kc3 f5 28. Rd1 Rxd1 29. Bxd1 Kf6 30. Kd4 Bd7 31. f4 Be6 32. gxf5 Bxf5 33.
Bg4 gxf4 34. exf4 Bc2 35. Bc8 Bd1 36. Bxb7 Bf3 37. Bc8 h5 38. Ke3 Bg2 39. h4 Kg6 40. Bd7 Kf6 41. Be8 Bf1 42. Bxh5 Bxc4 43. Bf3 Bb5 44.
Be4 Ba4 45. h5 Kg7 46. Kd4 Kf6 47. h6 1-0

[Event "*** Titled Tuesday Blitz"]
[Site "Chess.com"]
[Date "2021.03.09"]
[Round "2"]
[White "GMKrikor"]
[Black "arminmusovic"]
[Result "1-0"]
[WhiteElo "2734"]
[BlackElo "2505"]
[TimeControl "180+1"]
[EndTime "10:19:02 PST"]
[Termination "GMKrikor won by resignation"]

1. Nf3 a6 2. e4 e6 3. d4 d5 4.
Nbd2 c5 5. exd5 exd5 6. Be2 Nf6 7.
O-O Nc6 8. Re1 cxd4 9. Bxa6+ Be7 10. Bb5 O-O 11. Nb3 h6 12. Nbxd4 Bd7 13. c3 Bd6 14. Bd3 Qb6 15. Nb3 Rfe8 16. Be3 Qc7 17. h3 Ne4 18. Nbd4 Qb8 19. Bf1 Ne7 20. Qc2 Ng6 21. Bb5 Qd8 22.
Bxd7 Qxd7 23. a3 Rac8 24. Rad1 Bb8 25. Qb3 Nf6 26. Qb5 Qc7 27. Qd3 Re4 28. Ne2 Rce8 29. Ng3 R4e7 30. Bd4 Ne4 31. Nf5 Re6 32. Nxg7 Ng5 33.
Nxe6 Nxf3+ 34. Qxf3 Qh2+ 35. Kf1 Qh1+ 36. Ke2 Rxe6+ 37.
Kd2 Qh2 38. Rxe6 fxe6 39. Qf6 Qf4+ 40. Qxf4 Bxf4+ 41. Be3 Bc7 42. Bxh6 Kf7 43. Ke2 Kf6 44. Be3 e5 45. Rxd5 Ke6 46. Rb5 1-0